 Dungeon Crawl Stone Soup version 0.25.1-9-gc5326a611f (webtiles) character file.

Game seed: 4362290291063507288

12303 pokeman the Eclecticist (level 11, -1/61 HPs)
             Began as a Deep Elf Wizard on Dec 31, 2020.
             Was a Priest of Vehumet.
             Killed from afar by a manticore (10 damage)
             ... with a volley of spikes
             ... on level 12 of the Dungeon.
             The game lasted 00:40:34 (17474 turns).

pokeman the Eclecticist (Deep Elf Wizard)          Turns: 17474, Time: 00:40:36

Health: -1/61      AC:  7    Str: 10    XL:     11   Next: 60%
Magic:  7/32       EV: 13    Int: 29    God:    Vehumet [***...]
Gold:   561        SH:  0    Dex: 16    Spells: 26/40 levels left

rFire    + . .     SeeInvis .   x - +6 quarterstaff "Joatt" {elec, Int+2 Dex+3}
rCold    x . .     Gourm    .   (shield currently unavailable)
rNeg     + . .     Faith    .   c - +1 leather armour {rN+}
rPois    .         Spirit   .   M - +2 hat
rElec    .         Reflect  .   P - +0 cloak
rCorr    .         Harm     .   (no gloves)
MR       +....                  (no boots)
Stlth    ++........             (no amulet)
HPRegen  0.20/turn              b - ring of fire
MPRegen  0.23/turn              t - +6 ring of strength

@: barbed spikes, studying Necromancy
A: no striking features
a: Renounce Religion


You were on level 12 of the Dungeon.
You worshipped Vehumet.
Vehumet was most pleased with you.
You were hungry.

You visited 2 branches of the dungeon, and saw 13 of its levels.

You collected 777 gold pieces.
You spent 216 gold pieces at shops.

Inventory:

Hand Weapons
 u - the +0 flail of Fanyuxt {pain, *Corrode Dex+5 Stlth+}
   (You found it on level 4 of the Dungeon)

   In the hands of one skilled in necromantic magic, it inflicts extra damage on
   living creatures.
   It affects your dexterity (+5).
   It may corrode you when you take damage.
   It makes you more stealthy.
 x - the +6 quarterstaff "Joatt" (weapon) {elec, Int+2 Dex+3}
   (You found it on level 7 of the Dungeon)

   Occasionally, upon striking a foe, it will discharge some electrical energy
   and cause terrible harm.
   It affects your intelligence (+2).
   It affects your dexterity (+3).
 D - a +0 shortbow
Missiles
 h - 63 bolts
 E - 142 arrows
Armour
 c - a +1 leather armour of positive energy (worn)
 C - cursed +0 acid dragon scales
 M - a +2 hat (worn)
 P - a +0 cloak (worn)
Magical Staves
 H - an uncursed staff of death
Jewellery
 b - a ring of fire (left hand)
 f - an uncursed amulet of guardian spirit
 t - a +6 ring of strength (right hand)
 G - a +6 ring of dexterity
 J - an uncursed ring of stealth
Wands
 n - a wand of polymorph (14)
 s - a wand of acid (2)
 L - a wand of iceblast (2)
Scrolls
 e - 3 scrolls of immolation
 g - 5 scrolls of magic mapping
 i - 6 scrolls of remove curse
 k - 4 scrolls of teleportation
 l - a scroll of blinking {unknown}
 m - a scroll of enchant armour {unknown}
 q - 4 scrolls of amnesia {unknown}
 r - 2 scrolls of noise {unknown}
 y - 4 scrolls of fog {unknown}
 F - a scroll of random uselessness {unknown}
 I - a scroll of enchant weapon {unknown}
 K - a scroll of fear
Potions
 a - 3 potions of curing
 j - 4 potions of brilliance
 o - 3 potions of stabbing
 p - a potion of resistance
 v - 2 potions of heal wounds
 w - a potion of magic
 z - a potion of might
 A - a potion of mutation
 B - 2 potions of lignification
 N - 2 potions of ambrosia
 Q - a potion of invisibility
Books
 O - a manual of Necromancy
Comestibles
 d - 25 rations


   Skills:
 + Level 4.3 Fighting
 - Level 5.0 Armour
 - Level 3.0 Dodging
 - Level 3.1 Stealth
 * Level 15.1 Spellcasting
 + Level 9.1 Conjurations
 - Level 1.1 Summonings
 - Level 1.1 Translocations
 + Level 8.6 Fire Magic
 - Level 1.0 Air Magic
 - Level 2.0 Earth Magic
 - Level 1.0 Poison Magic
 - Level 1.0 Evocations


You had 26 spell levels left.
You knew the following spells:

 Your Spells              Type           Power        Failure   Level  Hunger
a - Magic Dart            Conj           ####         1%          1    None
b - Mephitic Cloud        Conj/Pois/Air  #####...     1%          3    None
c - Call Imp              Summ           ####....     2%          2    None
d - Blink                 Tloc           N/A          2%          2    None
e - Conjure Flame         Conj/Fire      #######.     1%          3    None
f - Stone Arrow           Conj/Erth      ######       1%          3    None

Your spell library contained the following spells:

 Spells                   Type           Power        Failure   Level  Hunger
 Static Discharge         Conj/Air       ######..     1%          3    None
 Slow                     Hex            ###.....     4%          2    None


Dungeon Overview and Level Annotations

Branches:
Dungeon (12/15)            Temple (1/1) D:6            Lair (0/6) D:9
    Orc (0/2) D:12

Altars:
Ashenzari
Cheibriados
Dithmenos
Elyvilon
Fedhas
Gozag
Hepliaklqana
Kikubaaqudgha
Makhleb
Nemelex Xobeh
Okawaru
Qazlal
Ru
Sif Muna
Trog
Uskayaw
Vehumet
Wu Jian
Xom
Yredelemnul
Zin
The Shining One

Shops:
D:6 ![   D:7 ?   D:8 (   D:9 %:


Message History

Confirm with . or Enter, or press ? or * to list all spells.
You feel a surge of power!
The fire begins to smolder!
Unknown command.
The shadow strikes at you from the darkness!
* * * LOW HITPOINT WARNING * * *
Reactivating autopickup.
The shadow smothers the flame.
Casting: Conjure Flame (safe; 1% risk of failure)
Confirm with . or Enter, or press ? or * to list all spells.
Aiming: Stone Arrow (safe; 1% risk of failure)
Press: ? - help, Shift-Dir - straight line, f - shadow
Aim: a shadow (severely damaged)
The stone arrow hits the shadow!!
You destroy the shadow!
Vehumet accepts your kill.
You feel your power returning.
The manticore flicks its tail.
The volley of spikes hits you!
The barbed spikes become lodged in your body.
You die...

#....# #..... ### #....#
... #....# ... #....#
... .###....#######
...................
.....###....##########..
.............H.)@[......
.....###....###########.
.....###....#
...........##
...........#
...........#
.....####### .....#
###### .. #.....8....


You could see a manticore.

Vanquished Creatures
  Josephine (D:10)
  2 two-headed ogres (D:10)
  An unseen horror (D:11)
  A cyclops (D:12)
  Psyche (D:8)
  Maggie (D:9)
  A komodo dragon (D:12)
  A freezing wraith (D:9)
  A troll (D:12)
  A slime creature (D:12)
  2 hippogriffs
  2 shadows
  A wyvern (D:11)
  Grum (D:11)
  4 wraiths
  A yak (D:9)
  2 basilisks (D:9)
  2 hungry ghosts
  A sky beast (D:8)
  3 orc warriors
  2 ice beasts
  3 phantoms
  3 wolves
  8 ogres
  6 centaurs
  A crocodile (D:9)
  2 big kobolds
  9 bullfrogs
  A gnoll sergeant (D:12)
  A water moccasin zombie (D:8)
  A wyvern zombie (D:10)
  2 scorpions
  9 killer bees
  A vampire bat (D:2)
  8 wights
  A howler monkey (D:4)
  7 crimson imps
  4 jellies
  11 orc wizards
  A centaur skeleton (D:5)
  8 hounds
  2 orc priests (D:6)
  3 iguanas
  2 bullfrog skeletons
  Natasha (twice) (D:2)
  12 worker ants
  2 hound skeletons
  Robin (D:2)
  A howler monkey zombie (D:7)
  10 gnolls
  9 adders
  A shadow imp (D:12)
  An adder zombie (D:9)
  A worm (D:2)
  3 dart slugs
  9 leopard geckos
  38 orcs
  2 bat skeletons (D:2)
  3 bat zombies (D:2)
  3 giant cockroaches
  13 goblins
  6 hobgoblins
  13 jackals
  6 quokkas
  5 bats
  6 frilled lizards
  25 kobolds
  A quokka skeleton (D:8)
  10 rats
309 creatures vanquished.

Vanquished Creatures (collateral kills)
  A quasit (D:7)
  A gnoll shaman (D:8)
  Natasha (D:2)
  A gnoll (D:8)
  An orc (D:2)
5 creatures vanquished.

Vanquished Creatures (others)
  A howler monkey (D:7)
1 creature vanquished.

Grand Total: 315 creatures vanquished

Notes
Turn   | Place    | Note
-------+----------+-------------------------------------------
     0 | D:1      | pokeman the Deep Elf Wizard began the quest for the Orb.
     0 | D:1      | Reached XP level 1. HP: 10/10 MP: 7/7
   213 | D:1      | Reached XP level 2. HP: 16/16 MP: 4/9
   328 | D:1      | Reached skill level 5 in Spellcasting
   472 | D:1      | Reached XP level 3. HP: 18/20 MP: 0/11
   480 | D:1      | Learned a level 3 spell: Mephitic Cloud
   483 | D:1      | Learned a level 2 spell: Call Imp
   486 | D:1      | Learned a level 2 spell: Blink
   490 | D:1      | Learned a level 3 spell: Conjure Flame
  1295 | D:1      | You fall into a shaft and drop 1 floor!
  1562 | D:2      | Reached skill level 1 in Fighting
  1581 | D:2      | Reached skill level 1 in Armour
  2118 | D:2      | Found an ancient bone altar of Kikubaaqudgha.
  2121 | D:2      | Reached XP level 4. HP: 24/25 MP: 9/13
  2782 | D:2      | Noticed Robin
  2803 | D:2      | Killed Robin
  2803 | D:2      | Reached skill level 6 in Spellcasting
  2804 | D:2      | Reached XP level 5. HP: 28/29 MP: 0/15
  3013 | D:3      | Noticed Natasha
  3034 | D:2      | Killed Natasha
  3038 | D:2      | Reached skill level 1 in Poison Magic
  3086 | D:2      | Noticed Natasha
  3092 | D:2      | Killed Natasha
  3289 | D:2      | Noticed Natasha
  3295 | D:2      | Killed Natasha
  3754 | D:3      | Reached skill level 1 in Air Magic
  3754 | D:3      | Reached XP level 6. HP: 34/34 MP: 9/17
  4248 | D:3      | Reached skill level 7 in Spellcasting
  4330 | D:3      | Found an ornate altar of the Wu Jian Council.
  4405 | D:3      | Found a shimmering altar of Xom.
  4441 | D:4      | Reached skill level 1 in Evocations
  4571 | D:4      | Found a burning altar of Makhleb.
  4678 | D:4      | Got an ivory flail
  4687 | D:4      | Identified the cursed +0 flail of Fanyuxt {pain, *Corrode
                  | Dex+5 Stlth+} (You found it on level 4 of the Dungeon)
  4730 | D:4      | Reached skill level 1 in Fire Magic
  5038 | D:4      | Reached XP level 7. HP: 30/38 MP: 8/20
  5342 | D:4      | You fall into a shaft and drop 2 floors!
  5342 | D:6      | Found Naojecad's Distillery.
  5350 | D:6      | Bought a potion of degeneration for 12 gold pieces
  5350 | D:6      | Bought a potion of curing for 36 gold pieces
  5350 | D:6      | Bought a potion of heal wounds for 60 gold pieces
  5416 | D:6      | Found a staircase to the Ecumenical Temple.
  5416 | D:6      | You fall into a shaft and drop 1 floor!
  5476 | Temple   | Entered the Ecumenical Temple
  5575 | D:5      | Entered Level 5 of the Dungeon
  6021 | D:4      | Reached skill level 8 in Spellcasting
  6762 | D:5      | Reached XP level 8. HP: 38/44 MP: 4/22
  6952 | D:5      | Reached skill level 9 in Spellcasting
  7063 | D:5      | Found a glowing silver altar of Zin.
  7310 | D:5      | Found a faded altar of an unknown god.
  7310 | D:5      | Found a faded altar of an unknown god.
  7315 | D:5      | Found a hide-covered altar of Uskayaw.
  7317 | D:5      | Found a bloodstained altar of Trog.
  7319 | D:5      | Found a radiant altar of Vehumet.
  7322 | D:5      | Became a worshipper of Vehumet
  7659 | D:6      | Found a sacrificial altar of Ru.
  7716 | D:6      | Found an opulent altar of Gozag.
  8328 | D:6      | Found Igacour's Armour Emporium.
  8385 | D:6      | Bought a potion of brilliance for 48 gold pieces
  8444 | D:7      | Reached skill level 5 in Conjurations
  8838 | D:7      | Found Plog's Magic Scroll Emporium.
  8862 | D:7      | Bought a scroll of teleportation for 36 gold pieces
  8862 | D:7      | Bought a scroll of identify for 24 gold pieces
  8950 | D:7      | Reached skill level 10 in Spellcasting
  9152 | D:7      | Reached XP level 9. HP: 49/49 MP: 0/25
  9462 | D:7      | Reached * piety under Vehumet
  9462 | D:7      | Offered knowledge of Sandblast by Vehumet.
  9462 | D:7      | Reached skill level 5 in Fire Magic
  9609 | D:7      | Reached skill level 11 in Spellcasting
  9732 | D:7      | Got a warped quarterstaff
 10650 | D:8      | Noticed Psyche
 10664 | D:8      | Killed Psyche
 10918 | D:8      | Reached skill level 12 in Spellcasting
 11057 | D:8      | Found Jatudatt's Antique Weapon Boutique.
 11435 | D:8      | Found a snail-covered altar of Cheibriados.
 11622 | D:8      | Reached XP level 10. HP: 56/56 MP: 10/28
 12336 | D:8      | Identified the +6 quarterstaff "Joatt" {elec, Int+2 Dex+3}
                  | (You found it on level 7 of the Dungeon)
 12458 | D:9      | Offered knowledge of Freeze by Vehumet.
 12527 | D:9      | Reached ** piety under Vehumet
 12608 | D:9      | Found a staircase to the Lair.
 12802 | D:9      | Reached skill level 13 in Spellcasting
 13061 | D:9      | Found Rosyimak's Food Boutique.
 13082 | D:9      | Noticed Maggie
 13133 | D:9      | Killed Maggie
 13385 | D:9      | Found Otwig's Book Shoppe.
 13734 | D:10     | Entered Level 10 of the Dungeon
 14321 | D:10     | Noticed Josephine
 14332 | D:10     | Killed Josephine
 14650 | D:10     | Offered knowledge of Stone Arrow by Vehumet.
 14655 | D:10     | Learned a level 3 spell: Stone Arrow
 14758 | D:10     | Reached skill level 14 in Spellcasting
 15171 | D:10     | Noticed a two-headed ogre
 15187 | D:10     | Killed a two-headed ogre
 15187 | D:10     | Reached skill level 1 in Earth Magic
 15187 | D:10     | Reached XP level 11. HP: 46/61 MP: 16/31
 15334 | D:11     | Found a shadowy altar of Dithmenos.
 15334 | D:11     | Noticed a two-headed ogre
 15343 | D:10     | Killed a two-headed ogre
 15968 | D:11     | Noticed Grum
 15973 | D:11     | Killed Grum
 16065 | D:11     | HP: 3/61 [something (1)]
 16067 | D:11     | Killed an unseen horror
 16067 | D:11     | Reached *** piety under Vehumet
 16849 | D:12     | Found a staircase to the Orcish Mines.
 17123 | D:12     | Offered knowledge of Static Discharge by Vehumet.
 17132 | D:12     | Reached skill level 5 in Armour
 17413 | D:12     | Reached skill level 15 in Spellcasting
 17474 | D:12     | Killed from afar by a manticore

Illustrated notes

Levels and vault maps discovered:
D:1:      psy_arrival_whirlpool, layout_basic, roderic_st_hans_cross
D:2:      layout_loops_ring, kennysheep_vampire_church, uniq_robin
D:3:      layout_rooms, lemuel_doored_altar, overflow_temple_1_default,
          uniq_natasha
D:4:      layout_basic, lemuel_crystal_altar, first_ration
D:5:      minmay_inner_zag, layout_loops_ring,
          chequers_temple_overflow_minitemple, basic_altar, st_stairs_14
D:6:      layout_rooms, nicolae_ru_path_of_blood, overflow_temple_1_default,
          temple_doors_e, serial_shops, nicolae_shop_window_shopping,
          nicolae_shop_crystal, nicolae_lava_and_water
D:7:      minmay_s_stair_smasher, layout_loops_ring, serial_shops,
          shop_fountains
D:8:      layout_loops_corners, basic_altar, serial_shops, shop, uniq_psyche
D:9:      layout_gridville, david_lair_generic, serial_shops,
          nicolae_shop_statue_plus, shop_coins, uniq_maggie
D:10:     layout_basic, grunt_ogre_cave, uniq_josephine
D:11:     layout_rooms, chequers_serial_rivers_large_b,
          grunt_dithmenos_smoke_and_mirrors, uniq_grum
D:12:     layout_basic, david_orc_2, grunt_qazlal_sundering
Temple:   nicolae_temple_god_jail

Skill      XL: |  1  2  3  4  5  6  7  8  9 10 11 |
---------------+----------------------------------+-----
Spellcasting   | 5 6 7 8 10 12 14 15 | 15.1
Fighting       | 1 2 3 4 |  4.3
Armour         | 1 3 4 5 |  5.0
Conjurations   | 2 3 4 5 7 8 9 |  9.1
Dodging        | 3 |  3.0
Poison Magic   | 1 |  1.0
Stealth        | 3 |  3.1
Air Magic      | 1 |  1.0
Evocations     | 1 |  1.0
Fire Magic     | 1 3 4 6 7 8 |  8.6
Earth Magic    | 1 2 |  2.0
Summonings     | |  1.1
Translocations | |  1.1

Action                   |  1- 3 |  4- 6 |  7- 9 | 10-12 || total
-------------------------+-------+-------+-------+-------++-------
Melee: Unarmed           |    10 |    11 |       |       ||    21
       Dagger            |       |     1 |       |       ||     1
       Flail             |       |       |    53 |     5 ||    58
       Quarterstaff      |       |       |       |    62 ||    62
 Cast: Magic Dart        |   110 |   176 |   338 |   258 ||   882
       Call Imp          |     1 |     1 |     2 |     5 ||     9
       Blink             |     1 |       |       |    10 ||    11
       Mephitic Cloud    |       |     2 |    21 |    25 ||    48
       Conjure Flame     |       |     1 |    20 |    21 ||    42
       Stone Arrow       |       |       |       |    67 ||    67
Evoke: Wand              |       |       |       |     8 ||     8
  Use: Scroll            |       |       |     5 |     8 ||    13
 Stab: Confused          |       |     1 |     6 |    10 ||    17
  Eat: Chunk             |     3 |     9 |    17 |    17 ||    46
       Ration            |       |       |     1 |       ||     1
Armor: Leather armour    |    16 |    24 |    17 |    41 ||    98
Dodge: Dodged            |    22 |    56 |    90 |   102 ||   270
